 Dungeon Crawl Stone Soup version 0.29-a0-206-g4a66f2e2b5 (webtiles) character file.

Game seed: 5500719968416093621

394 night the Vandal (level 6, -1/32 HPs)
             Began as a Spriggan Hunter on Feb 23, 2022.
             Was an Initiate of Gozag.
             Slain by an iguana (12 damage)
             ... on level 4 of the Dungeon.
             The game lasted 00:10:31 (4367 turns).

night the Vandal (Spriggan Hunter)                  Turns: 4367, Time: 00:10:32

Health: -1/32      AC:  3    Str:  8    XL:     6   Next: 51%
Magic:  7/7        EV: 19    Int: 12    God:    Gozag
Gold:   604        SH:  0    Dex: 18    Spells: 5/5 levels left

rFire   . . .      SeeInvis +   b - +3 quarterstaff (chaos)
rCold   . . .      Faith    .   (shield currently unavailable)
rNeg    . . .      Spirit   .   o - +0 robe
rPois   .          Reflect  .   (helmet restricted)
rElec   .          Harm     .   n - +0 cloak
rCorr   .          Rampage  .   (gloves unavailable)
Will    +....                   (boots unavailable)
Stlth   +++.......              (no amulet)
HPRegen 0.10/turn               (no ring)
MPRegen 0.10/turn               (no ring)

@: gold aura, very quick
A: very small, no large weapons, unfitting armour, see invisible, speed 3
a: Renounce Religion, Potion Petition, Call Merchant, Bribe Branch


You were on level 4 of the Dungeon.
You worshipped Gozag.
Gozag was pleased with you.
You visited 1 branch of the dungeon, and saw 4 of its levels.

You collected 604 gold pieces.

Inventory:

Hand Weapons
 a - a +1 hunting sling
 b - a +3 quarterstaff of chaos (weapon)
Missiles
 d - 27 poisoned darts (quivered)
 k - 65 stones
 r - 2 atropa-tipped darts
Armour
 n - a +0 cloak (worn)
 o - a +0 robe (worn)
Scrolls
 g - 3 scrolls of identify
 i - a scroll of immolation
Potions
 c - a potion of lignification {unknown}
 f - a potion of heal wounds
 p - a potion of flight {unknown}
 q - a potion of ambrosia {unknown}


   Skills:
 + Level 2.9 Fighting
 * Level 7.0 Slings
 + Level 4.7 Dodging
 + Level 4.9 Stealth


You had 5 spell levels left.
You didn't know any spells.
Your spell library contained the following spells:

 Spells                   Type           Power      Damage    Failure   Level
 Fireball                 Conj/Fire      0%         3d3       100%        5
 Starburst                Conj/Fire      0%         6d3       100%        6
 Ignition                 Fire           0%         3d3       100%        8


Dungeon Overview and Level Annotations

Branches:
Dungeon (4/15)
 Temple: D:4-7

Altars:
Gozag


Innate Abilities, Weirdness & Mutations

You are very small and have problems with some larger weapons.
You are too small for most types of armour.
You have supernaturally acute eyesight. (SInv)
You cover ground extremely quickly. (Speed+++)


Message History

You feel sick.
You feel sick. The adder bites you but does no damage. The goblin misses you.
You closely miss the adder.
The adder is severely wounded.
You feel sick.
You are no longer poisoned.
The adder closely misses you. The adder barely misses you.
You barely miss the adder.
The adder is severely wounded.
The adder barely misses you.
A goblin comes into view. It is wielding a +0 club.
The adder misses you.
You barely miss the adder.
The adder is severely wounded.
The adder misses you.
You hit the adder. You burn the adder.
You kill the adder!
The ufetubus misses you. The ufetubus hits you.
A phantom comes into view.
You miss the ufetubus. The ufetubus closely misses you. x2
The ufetubus misses you. x2
You thump the ufetubus!
You kill the ufetubus!
The iguana bites you!
You hit the iguana.
The iguana is almost dead.
The iguana completely misses you.
You thump the iguana! You burn the iguana.
You kill the iguana!
The phantom is distracted by your dazzling golden aura.
The goblin barely misses you.
Your Slings skill increases to level 7!
You hit the goblin. You freeze the goblin.
The goblin is heavily wounded.
The goblin hits you with a +0 rapier.
You sock the goblin!
You kill the goblin!
The iguana bites you!
You die...
Your body crumbles into a pile of gold.

$ #.##.... .####..# #....##. ..
#........S..## #..####. .
#............. #..# ##
##.#...........# #..#####
...#...........## #### #.......
#.....>........ ..# ##.#####
#.........#.#### #.# #.# #
####.......S.#Wl@)# #.####.# #
.............#.##.# #....#.#####
..#)...........##.# ##...........
.)....##.########.###..[.....####
.###...#.# #............# .#
#.#.#.# #####........# .# #.....#
##.....#.# .......#.# ##...##.#
##.##.....# ##.## .#


You could see a phantom and an iguana.

Vanquished Creatures
  A hound (D:4)
  Crazy Yiuf (D:2)
  Natasha (twice) (D:3 D:2)
  4 iguanas
  A hound skeleton (D:4)
  4 gnolls (D:2)
  5 adders
  An ufetubus (D:4)
  An adder skeleton (D:4)
  3 worms
  A dart slug (D:4)
  3 bats (D:1)
  7 endoplasms
  2 giant cockroaches
  7 goblins
  8 hobgoblins
  2 jackals (D:1)
  2 quokkas
  7 ball pythons
  3 frilled lizards
  A jackal skeleton (D:4)
  11 kobolds
  5 rats
82 creatures vanquished.

Vanquished Creatures (others)
  3 plants (D:2)
3 creatures vanquished.

Grand Total: 85 creatures vanquished

Notes
Turn   | Place    | Note
-------+----------+-------------------------------------------
     0 | D:1      | night the Spriggan Hunter began the quest for the Orb.
     0 | D:1      | Reached XP level 1. HP: 10/10 MP: 2/2
   299 | D:1      | Found a faded altar of an unknown god.
   304 | D:1      | Prayed at the altar of an unknown god.
   304 | D:1      | Became a worshipper of Gozag Ym Sagoz the Greedy
   319 | D:1      | Reached skill level 5 in Slings
   454 | D:1      | Reached skill level 2 in Stealth
   458 | D:1      | Reached XP level 2. HP: 12/15 MP: 3/3
  1116 | D:2      | Reached XP level 3. HP: 18/18 MP: 4/4
  1304 | D:2      | Reached skill level 2 in Fighting
  1352 | D:2      | Reached XP level 4. HP: 15/23 MP: 5/5
  1977 | D:2      | Found a runed translucent door.
  1978 | D:2      | Noticed Crazy Yiuf
  2010 | D:2      | Killed Crazy Yiuf
  2011 | D:2      | Reached skill level 6 in Slings
  2625 | D:3      | Reached XP level 5. HP: 18/27 MP: 6/6
  2999 | D:3      | Noticed Natasha
  3008 | D:3      | Killed Natasha
  3332 | D:3      | Noticed Natasha
  3350 | D:3      | HP: 2/27 [white imp/puff of frost[Natasha] (8)]
  3352 | D:3      | Identified a scroll of acquirement
  3352 | D:3      | Acquired a +1 hat
  3586 | D:2      | Killed Natasha
  4090 | D:4      | Reached XP level 6. HP: 32/32 MP: 7/7
  4366 | D:4      | Reached skill level 7 in Slings
  4367 | D:4      | Slain by an iguana

Illustrated notes

Levels and vault maps discovered:
D:1:      ncdulo_lavacross, layout_loops_cross, basic_ecumenical_altar
D:2:      layout_basic, serial_forest, infiniplex_forest_end_2,
          infiniplex_forest_clump_double, infiniplex_forest_end_3,
          infiniplex_forest_clump_double, infiniplex_forest_lined_2,
          infiniplex_forest_straight_2, infiniplex_forest_lined_room_,
          infiniplex_forest_fountain, minmay_pentomino_p2,
          uniq_crazy_yiuf_cottage
D:3:      layout_basic, uniq_natasha
D:4:      layout_loops_ring, serial_park_tiny_1, minmay_fractal_squares_5,
          uniq_duvessa

Skill      XL: |  1  2  3  4  5  6 |
---------------+-------------------+-----
Slings         | 5 6 7 |  7.0
Stealth        | 2 3 4 |  4.9
Dodging        | 3 4 |  4.7
Fighting       | 2 |  2.9

Action                   |  1- 3 |  4- 6 || total
-------------------------+-------+-------++-------
Melee: Quarterstaff      |       |    13 ||    13
 Fire: Hunting sling     |   123 |   208 ||   331
  Use: Scroll            |       |     6 ||     6
       Potion            |       |     3 ||     3
Armor: Robe              |     4 |     4 ||     8
Dodge: Dodged            |    37 |    68 ||   105

Table legend: (Time is in decaauts)
 A = Elapsed time spent in this place.
 B = Non-inter-level travel time spent in this place.
 C = Inter-level travel time spent in this place.
 D = Time resting spent in this place.
 E = Time spent auto-exploring this place.
 F = Levels seen in this place.
 G = Mean time per level.
                   A        B        C        D        E       F      G
               +--------+--------+--------+--------+--------+-----+--------+
         Total |   3396 |   3334 |     62 |    575 |   2029 |   4 |  849.0 |
       Dungeon |   3396 |   3334 |     62 |    575 |   2029 |   4 |  849.0 |
               +--------+--------+--------+--------+--------+-----+--------+

Top non-repeatable levels by time:
     D:2: 1408 daAuts
     D:1: 772 daAuts
     D:3: 727 daAuts
     D:4: 487 daAuts
